 Dungeon Crawl Stone Soup version 0.18.1-48-g4cf74bf (webtiles) character file.

480788 Peloso the Hoplite (level 23, -6/242 HPs)
             Began as a Minotaur Fighter on June 25, 2016.
             Was the Champion of Okawaru.
             Mangled by a vault warden
             ... wielding a +6 battleaxe of chopping
              (51 damage)
             ... on level 5 of the Vaults.
             The game lasted 04:31:35 (62571 turns).

Peloso the Hoplite (Minotaur Fighter)              Turns: 62571, Time: 04:31:36

Health: -6/242     AC: 47    Str: 27    XL:     23   Next: 70%
Magic:  24/24      EV: 13    Int:  5    God:    Okawaru [******]
Gold:   3766       SH: 33    Dex: 19    Spells: 0 memorised, 22 levels left

rFire  . . .     SeeInvis .     L - +9 double sword (protect)
rCold  + . .     Gourm    .     K - +15 Maxwell's patent armour {-Cast -Tele rElec MR+ rCorr}
rNeg   + + +     Faith    .     X - +1 large shield {reflect}
rPois  +         Spirit   .     a - +1 hat {MR+}
rElec  +         Dismiss  .     N - +1 cloak {rPois}
rCorr  +         Reflect  +     Z - +0 pair of gloves "Jayt Ceu" {rN+ Slay+3 Stlth+}
SustAt .         Harm     .     R - +2 pair of boots {Fly}
MR     +++..     NoTele   +     I - +4 amulet of reflection
Stlth  .......... NoCast   +    O - +5 ring of dexterity
                                z - ring "Jet Kimu" {rCorr +Inv rPois rC+ rN++ Stlth-}

@: flying, constricted, extremely resistant to hostile enchantments, extremely
unstealthy
A: retaliatory headbutt, horns 2, robust 1
a: Heroism, Finesse, Renounce Religion, Evoke Invisibility, Stop Flying
}: 2/15 runes: serpentine, barnacled


You were on level 5 of the Vaults.
You worshipped Okawaru.
Okawaru was exalted by your worship.
You were near starving.

You visited 9 branches of the dungeon, and saw 43 of its levels.
You visited the Abyss 1 time.
You also visited: Ice Cave, Volcano and Wizlab.

You collected 5183 gold pieces.
You spent 1417 gold pieces at shops.

Inventory:

Hand Weapons
 g - the +11 scimitar of the Salmon {drain, Int+2 SInv}
   (Okawaru gifted it to you on level 13 of the Dungeon)

   A truly terrible weapon, it drains the life of those it strikes.
   It affects your intelligence (+2).
   It lets you see invisible.
 D - the +8 demon blade of the Rat {pain, rF+ rN++ Int+2 Stlth+}
   (Okawaru gifted it to you on level 3 of the Elven Halls)

   In the hands of one skilled in necromantic magic, it inflicts extra damage on
   living creatures.
   It affects your intelligence (+2).
   It protects you from fire.
   It greatly protects you from negative energy.
   It makes you more stealthy.
 L - a +9 double sword of protection (weapon)
 W - the +7 scimitar of the Poles {slice, Int+4}
   (Okawaru gifted it to you on level 3 of the Vaults)

   It inflicts extra damage upon your enemies.
   It affects your intelligence (+4).
 Y - a +2 scimitar of flaming
Armour
 a - a +1 hat of magic resistance (worn)
 l - a +1 pair of boots of running
 r - a +3 gold dragon armour
 K - the +15 Maxwell's patent armour (worn) {-Cast -Tele rElec MR+ rCorr}
   (You acquired it on level 3 of the Elven Halls)

   It insulates you from electricity.
   It affects your resistance to hostile enchantments.
   It prevents spellcasting.
   It prevents most forms of teleportation.
   It protects you from acid and corrosion.
 N - a +1 cloak of poison resistance (worn)
 R - a +2 pair of boots of flying (worn)
 X - a +1 large shield of reflection (worn)
 Z - the +0 pair of gloves "Jayt Ceu" (worn) {rN+ Slay+3 Stlth+}
   (Okawaru gifted it to you on level 4 of the Snake Pit)

   It affects your accuracy and damage with ranged weapons and melee attacks
   (+3).
   It protects you from negative energy.
   It makes you more stealthy.
Jewellery
 e - an uncursed amulet of regeneration
 p - an uncursed ring of protection from cold
 t - an uncursed ring of protection from magic
 z - the ring "Jet Kimu" (left hand) {rCorr +Inv rPois rC+ rN++ Stlth-}
   (You took it off a vault warden on level 5 of the Vaults)

   [ring of resist corrosion]

   It protects you from cold.
   It protects you from poison.
   It greatly protects you from negative energy.
   It lets you turn invisible.
   It makes you less stealthy.
 I - a +4 amulet of reflection (around neck)
 O - a +5 ring of dexterity (right hand)
Wands
 s - a wand of hasting (5/9)
 v - a wand of digging (12/24)
 y - a wand of heal wounds (1/9)
 H - a wand of hasting (4/9)
 P - a wand of disintegration (9/24)
Scrolls
 c - a scroll of silence
 d - 5 scrolls of teleportation
 o - 19 scrolls of remove curse
 q - 20 scrolls of identify
 u - 7 scrolls of magic mapping
 x - 2 scrolls of enchant weapon
 B - 4 scrolls of fear
 G - 5 scrolls of recharging
 J - a scroll of brand weapon
 S - 4 scrolls of holy word
 V - 10 scrolls of blinking
Potions
 b - 3 potions of might
 h - 4 potions of berserk rage
 k - 5 potions of heal wounds
 n - 4 potions of agility
 A - 16 potions of curing
 C - a potion of cancellation
 M - 5 potions of haste
Comestibles
 f - 18 bread rations
 m - 15 slices of pizza
 w - 18 meat rations
 F - 12 fruits


   Skills:
 + Level 21.2 Fighting
 + Level 25.2 Long Blades
 + Level 18.6 Armour
 + Level 11.2 Dodging
 + Level 2.7 Stealth
 + Level 26.9 Shields
 + Level 3.2 Invocations
 + Level 1.5 Evocations


You had 22 spell levels left.
You didn't know any spells.

Dungeon Overview and Level Annotations

Branches:
Dungeon (15/15)            Temple (1/1) D:5            Lair (8/8) D:8
 Shoals (4/4) Lair:3        Snake (4/4) Lair:3        Slime (1/6) Lair:8
    Orc (2/2) D:11            Elf (3/3) Orc:2        Vaults (5/5) D:13
  Crypt (0/3) Vaults:3     Depths (0/5) D:15

Altars:
Ashenzari
Cheibriados
Dithmenos
Elyvilon
Fedhas
Gozag
Kikubaaqudgha
Makhleb
Nemelex Xobeh
Okawaru
Pakellas
Qazlal
Ru
Sif Muna
Trog
Vehumet
Xom
Yredelemnul
Zin
The Shining One
Beogh
Jiyva

Shops:
D:7 (   D:8 !   D:14 (   Orc:2 }!![   Elf:2 [   Vaults:3 =   Vaults:4 =


Innate Abilities, Weirdness & Mutations

You reflexively headbutt those who attack you in melee.
You have a pair of horns on your head.
You are robust (+10% HP).


Message History

* * * LOW HITPOINT WARNING * * *
You block the tentacled monstrosity's attack.
* * * LOW HITPOINT WARNING * * *
The tentacled monstrosity constricts you.
You block the tengu reaver's attack.
The tengu reaver pecks you but does no damage.
The tengu reaver claws you but does no damage.
The yaktaur wields an uncursed arbalest.
The yaktaur shoots a bolt.
You reflect the bolt off your +1 large shield of reflection!
The bolt hits the tentacled monstrosity!!
The shadow dragon barely misses you. The shadow dragon misses you.
The shadow dragon closely misses you.
A tentacled monstrosity comes into view.
Evoke which item? (* to show all) (? for menu, Esc to quit)
Zapping:
y - a wand of heal wounds (2/9)
Press: ? - help, Shift-Dir - straight line, f - you You feel much better.
This wand has 1 charge left.
The vault warden hits you with an uncursed battleaxe of chopping!!!
You die...

##.##...#....#..}
##.##.#.#....#$.#
.......(#....#.#
#.#.#.#(#....#.##
........p.[.()...
###############.....)..##
.......(pc.....X.........
....(..p.Xp(......<<.....
.......p@QD()....<.[<)...
.......)D*).).....<<[[...
###############.)((..)[##
#.....[)....
#(..#....#...
#..(##.(..#... #....
#.(..#.#. ......
#.(..#.#. #...##.
#....#...


You could see 2 shadow dragons, 2 tentacled monstrosities, 2 vault wardens, a
tengu reaver, a vault sentinel, an ironbrand convoker, a yaktaur and a
battlesphere.

Vanquished Creatures
  An ancient lich (Vaults:5)
  Frederick (Vaults:2)
  Vashnia (Snake:4)
  3 golden dragons
  Nikola (Elf:2)
  Xtahua (Vaults:4)
  A bone dragon (Abyss:3)
  Jorgrun (Shoals:4)
  3 tentacled monstrosities (Vaults:5)
  3 liches
  4 deep elf blademasters (Elf:3)
  A quicksilver dragon (Vaults:4)
  3 titans
  An eldritch tentacle (WizLab)
  An acid blob (Slime:1)
  Frances (Shoals:2)
  3 krakens
  Kirke (Lair:7)
  2 tentacled starspawn (WizLab)
  3 sphinxes
  Agnes (D:14)
  4 shadow dragons
  Gastronok (Orc:1)
  4 tengu reavers
  3 storm dragons
  Ilsuiw (Shoals:4)
  Roxanne (D:14)
  9 greater nagas
  3 fire giants
  Donald (Shoals:2)
  6 frost giants
  12 deep elf sorcerers
  2 iron dragons (Vaults:5)
  Wiglaf (Vaults:4)
  11 vault wardens
  2 orc warlords
  Louise (Shoals:4)
  5 deep elf elementalists (Elf:3)
  6 stone giants
  An angel (WizLab)
  3 war gargoyles
  10 ironheart preservers
  4 salamander stormcallers
  A white draconian (WizLab)
  6 deep elf demonologists
  10 deep elf annihilators
  The ghost of nobody the Brawler, a journeyman MiMo of Okawaru (Lair:2)
  5 ettins
  2 merfolk javelineers (Shoals:4)
  6 deep elf death magi
  2 fire dragons
  14 merfolk impalers
  28 vault guards
  8 yaktaur captains
  2 ice dragons
  A great orb of eyes (Vaults:3)
  4 deep elf high priests
  2 rakshasas (WizLab)
  15 hydras
  A catoblepas (Lair:8)
  21 naga warriors
  The ghost of Kloppie the Fighter, a novice MiBe of Trog (D:9)
  8 anacondas
  9 centaur warriors
  Erolcha (Orc:2)
  2 alligator snapping turtles
  22 dancing weapons
  10 ogre magi
  2 merfolk avatars
  4 satyrs
  5 merfolk aquamancers
  26 death yaks
  A deep troll shaman (Lair:8)
  A queen ant (D:12)
  3 tengu warriors
  6 shock serpents
  4 thrashing horrors (Abyss:3)
  3 orc high priests
  2 soul eaters (WizLab)
  8 naga sharpshooters
  Nergalle (Orc:2)
  A sun demon (WizLab)
  8 hell knights
  26 deep elf knights
  5 skeletal warriors
  3 salamander mystics
  A fire crab (Vaults:2)
  3 shadow wraiths
  An unseen horror (Vaults:1)
  11 deep trolls
  A giant orange brain (D:15)
  10 sea snakes
  2 flayed ghosts
  A deep troll (shapeshifter) (Vaults:2)
  An obsidian statue (WizLab)
  17 orc knights
  8 naga ritualists
  9 hill giants
  An anubis guard (shapeshifter) (D:15)
  14 harpies
  18 deep elf archers
  2 wizards
  2 phantasmal warriors
  11 mana vipers
  6 ironbrand convokers
  A faun (shapeshifter) (Vaults:5)
  A shining eye (shapeshifter) (D:15)
  Pikel (D:6)
  8 griffons
  5 fauns
  3 necromancers
  4 wolf spider zombies
  24 ugly things
  70 deep elf magi
  A fire giant zombie (Abyss:3)
  16 salamanders
  3 wolf spiders
  9 cyclopes
  9 orc sorcerers
  20 slime creatures
  4 hornets
  5 worldbinders
  17 manticores
  A black mamba (shapeshifter) (Elf:1)
  9 sirens
  A water nymph (Shoals:4)
  A centaur zombie (D:13)
  4 smoke demons (Abyss:3)
  9 vault sentinels
  31 black mambas
  11 elephants
  8 guardian serpents
  20 naga magi
  Maurice (D:9)
  An ice statue (IceCv)
  12 spiny frogs
  3 orange demons (Elf:2)
  4 centaur skeletons
  An efreet (D:11)
  A rime drake (Lair:6)
  4 kobold demonologists
  29 yaktaurs
  11 komodo dragons
  3 freezing wraiths
  An ice devil (Abyss:3)
  3 ancient zymes (Abyss:3)
  2 hellwings (Abyss:3)
  A tengu conjurer (D:14)
  3 spriggan druids (Lair:4)
  5 trolls
  A red devil (WizLab)
  A merfolk (shapeshifter) (Vaults:5)
  25 merfolk
  A queen bee (Lair:6)
  16 polar bears
  A wind drake (shapeshifter) (D:15)
  16 two-headed ogres
  A blink frog (shapeshifter) (Vaults:5)
  3 raiju
  5 large abominations
  22 blink frogs
  2 raiju (shapeshifter)
  3 air elementals
  A hornet zombie (D:14)
  9 boulder beetles
  A fire giant simulacrum (Vaults:3)
  6 snapping turtles
  3 redbacks
  An ice dragon skeleton (WizLab)
  12 spriggans (Lair:4)
  A fire dragon skeleton (WizLab)
  2 flying skulls (Volcano)
  2 tarantellas (shapeshifter)
  A ynoxinul (Abyss:3)
  2 shadows (D:15)
  2 wraiths
  4 vampires
  A yak (shapeshifter) (Vaults:2)
  2 hungry ghosts
  8 water elementals
  3 fire elementals
  A basilisk (shapeshifter) (Vaults:1)
  5 hogs (Lair:7)
  58 yaks
  A golden eye (shapeshifter) (Vaults:3)
  3 hippogriffs (shapeshifter)
  7 basilisks
  2 steam dragons
  13 hippogriffs
  13 vampire mosquitoes
  3 neqoxecs (Abyss:3)
  6 wargs
  48 nagas
  5 mottled dragons
  3 spatial vortices (WizLab)
  5 insubstantial wisps
  A deep troll zombie (Vaults:3)
  6 soldier ants (D:12)
  Duvessa (D:4)
  A giant eyeball (shapeshifter) (Vaults:5)
  14 porcupines
  15 water moccasins
  A black bear (shapeshifter) (Vaults:1)
  A black bear (Lair:8)
  33 orc warriors
  6 wasps
  3 ice beasts
  A phantom (D:8)
  An ettin simulacrum (Vaults:3)
  10 centaurs
  4 sky beasts
  3 slaves (D:6)
  43 ogres
  An eye of draining (shapeshifter) (Vaults:3)
  A tengu (shapeshifter) (D:14)
  An eye of draining (D:11)
  7 boggarts
  A boggart (shapeshifter) (D:15)
  20 wolves
  10 big kobolds
  17 crocodiles
  16 giant frogs
  3 small abominations
  A glowing shapeshifter simulacrum (Vaults:2)
  2 earth elementals (Elf:2)
  Dowan (D:4)
  A wyvern skeleton (D:14)
  8 scorpions
  22 killer bees
  A human simulacrum (Vaults:3)
  9 howler monkeys
  8 wights (D:10)
  An electric eel (Lair:3)
  14 crimson imps
  6 starcursed masses (Abyss:3)
  3 giant frog zombies
  5 hounds
  A quasit (WizLab)
  21 orc priests
  6 iguanas
  An iron imp (Abyss:3)
  7 jellies
  4 giant frog skeletons
  41 orc wizards
  35 worker ants
  A killer bee zombie (D:10)
  A sheep (shapeshifter) (D:15)
  21 sheep
  2 hound zombies
  2 hound skeletons
  2 mummies (Volcano)
  A worker ant zombie (D:7)
  A howler monkey skeleton (D:7)
  8 gnolls
  14 adders
  104 river rats
  8 shadow imps
  2 white imps
  2 ufetubi
  An ooze (D:2)
  3 dart slugs
  6 giant geckos
  100 orcs
  4 giant cockroaches
  8 goblins
  5 hobgoblins
  13 jackals
  3 quokkas
  4 ball pythons
  8 bats (D:1)
  3 giant newts
  23 kobolds
  A quokka zombie (D:8)
  9 rats
  A crawling corpse (Vaults:4)
  3 plants
2033 creatures vanquished.

Vanquished Creatures (others)
  A deep elf master archer (Elf:3)
  2 deep elf elementalists
  2 stone giants (Vaults:2)
  Snorg (Lair:7)
  5 merfolk javelineers
  A yaktaur captain (Vaults:1)
  A satyr (Shoals:4)
  2 naga sharpshooters (Snake:4)
  A deep elf knight (Elf:2)
  9 deep elf archers
  A griffon (Shoals:4)
  A faun (Shoals:4)
  A cyclops (Orc:2)
  A manticore (Shoals:2)
  2 vault sentinels
  13 yaktaurs
  A blink frog (Lair:7)
  2 humans (Lair:7)
  A naga (Snake:2)
  An orc warrior (Vaults:4)
  2 centaurs
  2 river rats
  A shadow imp (D:14)
  A kobold (D:11)
  2927 eldritch tentacle segments (WizLab)
  10 fungi
  11 plants
  4 starspawn tentacles (WizLab)
  20 starspawn tentacle segments (WizLab)
  16 tentacles
  93 tentacle segments (Shoals:4)
3136 creatures vanquished.

Grand Total: 5169 creatures vanquished

Notes
Turn   | Place    | Note
--------------------------------------------------------------
     0 | D:1      | Peloso the Minotaur Fighter began the quest for the Orb.
     0 | D:1      | Reached XP level 1. HP: 19/19 MP: 0/0
   136 | D:1      | Reached XP level 2. HP: 26/27 MP: 1/1
   233 | D:1      | Reached skill level 4 in Shields
  1074 | D:2      | Reached XP level 3. HP: 29/33 MP: 2/2
  1276 | D:2      | Reached skill level 1 in Dodging
  1356 | D:2      | Reached XP level 4. HP: 37/40 MP: 3/3
  1527 | D:2      | Found a bloodstained altar of Trog.
  1937 | D:3      | Found a basalt altar of Yredelemnul.
  2011 | D:3      | Found a white marble altar of Elyvilon.
  2100 | D:3      | Reached XP level 5. HP: 46/46 MP: 4/4
  2323 | D:3      | Found a snail-covered altar of Cheibriados.
  2383 | D:4      | Found a shattered altar of Ashenzari.
  2562 | D:4      | Noticed Duvessa
  2564 | D:4      | Noticed Dowan
  2571 | D:4      | Killed Duvessa
  2571 | D:4      | Reached skill level 5 in Armour
  2576 | D:4      | Killed Dowan
  2576 | D:4      | Reached skill level 5 in Shields
  2576 | D:4      | Reached XP level 6. HP: 41/53 MP: 5/5
  3052 | D:5      | Entered Level 5 of the Dungeon
  3127 | D:5      | Found a staircase to the Ecumenical Temple.
  3133 | Temple   | Entered the Ecumenical Temple
  3489 | D:5      | Reached XP level 7. HP: 50/60 MP: 6/6
  4033 | D:6      | Reached skill level 5 in Fighting
  4033 | D:6      | Reached skill level 1 in Stealth
  4033 | D:6      | Reached skill level 6 in Shields
  4413 | D:6      | Noticed Pikel
  4420 | D:6      | Paralysed by Pikel for 4 turns
  4427 | D:6      | Paralysed by Pikel for 6 turns
  4436 | D:6      | Killed Pikel
  4436 | D:6      | Reached skill level 5 in Long Blades
  4436 | D:6      | Reached XP level 8. HP: 50/69 MP: 7/7
  4671 | D:7      | Reached skill level 5 in Dodging
  4694 | D:7      | Reached skill level 7 in Shields
  5065 | D:7      | Found Eniemm's Antique Weapon Shoppe.
  5082 | D:7      | Found a shimmering altar of Xom.
  5086 | D:7      | Found a blossoming altar of Fedhas.
  5089 | D:7      | Found an ancient bone altar of Kikubaaqudgha.
  5102 | D:7      | Reached XP level 9. HP: 42/75 MP: 8/8
  5496 | D:7      | Found an iron altar of Okawaru.
  5496 | D:7      | Found a radiant altar of Vehumet.
  5500 | D:7      | Became a worshipper of Warmaster Okawaru
  5629 | D:7      | Bought a brightly glowing falchion for 240 gold pieces
  5629 | D:7      | Identified the +3 falchion of Woahos {elec, +Blink rPois rC+ SInv} (You bought it in a shop on level 7 of the Dungeon)
  5840 | D:8      | Reached skill level 8 in Shields
  6218 | D:8      | Reached * piety under Okawaru
  6262 | D:8      | Noticed a three-headed hydra
  6276 | D:8      | Killed a one-headed hydra
  6276 | D:8      | Reached ** piety under Okawaru
  6276 | D:8      | Reached skill level 9 in Shields
  6525 | D:8      | Reached XP level 10. HP: 86/86 MP: 9/9
  6667 | D:8      | Found Warex's Distillery.
  6740 | D:8      | Found a staircase to the Lair.
  6863 | D:8      | Found a glowing silver altar of Zin.
  7075 | D:9      | Reached *** piety under Okawaru
  7233 | D:9      | Noticed Kloppie's ghost (novice MiBe)
  7255 | D:9      | Killed Kloppie's ghost
  7255 | D:9      | Reached skill level 10 in Shields
  7436 | D:9      | Reached skill level 10 in Armour
  7703 | D:9      | Noticed Maurice
  7720 | D:9      | Killed Maurice
  7855 | D:10     | Entered Level 10 of the Dungeon
  7892 | D:10     | Reached skill level 10 in Long Blades
  7908 | D:10     | Reached **** piety under Okawaru
  8043 | D:10     | Reached XP level 11. HP: 78/97 MP: 10/10
  8725 | D:11     | Noticed a centaur warrior
  8725 | D:11     | Noticed an ogre mage
  8736 | D:11     | Noticed a skeletal warrior
  8736 | D:11     | Noticed a hill giant
  8740 | D:11     | Noticed a hill giant
  8787 | D:11     | Reached ***** piety under Okawaru
  8839 | D:10     | Killed a skeletal warrior
  8839 | D:10     | Reached skill level 11 in Shields
  9231 | D:11     | Found a staircase to the Orcish Mines.
  9259 | D:11     | Killed a hill giant
  9593 | D:11     | Killed a hill giant
  9663 | D:11     | Received a gift from Okawaru
  9719 | D:11     | Killed a centaur warrior
  9757 | D:11     | Killed an ogre mage
  9757 | D:11     | Reached skill level 12 in Shields
  9890 | D:11     | Noticed a hill giant
  9895 | D:11     | Killed a hill giant
 10007 | D:12     | Noticed an eight-headed hydra
 10015 | D:12     | Killed a four-headed hydra
 10015 | D:12     | Reached XP level 12. HP: 81/106 MP: 11/11
 10220 | D:12     | Reached skill level 10 in Fighting
 10363 | D:12     | Noticed a queen ant
 10398 | D:12     | Killed a queen ant
 10841 | D:10     | Reached skill level 13 in Shields
 10975 | Lair:1   | Entered Level 1 of the Lair of Beasts
 11002 | Lair:1   | Noticed a six-headed hydra
 11010 | Lair:1   | Killed a two-headed hydra
 11083 | Lair:1   | Found a dark tunnel.
 11087 | Volcano  | Entered a volcano
 11927 | Lair:1   | Received a gift from Okawaru
 11934 | Lair:1   | Identified a scroll of acquirement
 12217 | Lair:1   | Noticed a five-headed hydra
 12227 | Lair:1   | Killed a one-headed hydra
 12552 | Lair:2   | Noticed an eight-headed hydra
 12566 | Lair:2   | Killed a two-headed hydra
 12605 | Lair:2   | Noticed a four-headed hydra
 12612 | Lair:2   | Noticed a seven-headed hydra
 12616 | Lair:2   | Killed a one-headed hydra
 12625 | Lair:2   | Killed a two-headed hydra
 12625 | Lair:2   | Received a gift from Okawaru
 12954 | Lair:2   | Noticed nobody's ghost (journeyman MiMo)
 12968 | Lair:2   | Killed nobody's ghost
 12968 | Lair:2   | Reached XP level 13. HP: 102/116 MP: 10/12
 13793 | Lair:3   | Found a frozen archway.
 13806 | IceCv    | Entered an ice cave
 13916 | IceCv    | Reached skill level 14 in Shields
 13936 | IceCv    | Reached ****** piety under Okawaru
 14756 | IceCv    | Noticed a frost giant
 14790 | IceCv    | Killed a frost giant
 14803 | IceCv    | Received a gift from Okawaru
 14828 | IceCv    | Got a sparkling ruby amulet
 14831 | IceCv    | Identified the amulet "Jugunn" {Harm *Drain Int+3} (You found it in an ice cave)
 15226 | Lair:3   | Found a staircase to the Snake Pit.
 15288 | Lair:3   | Found a staircase to the Shoals.
 16597 | Lair:4   | Received a gift from Okawaru
 16806 | Lair:4   | Reached XP level 14. HP: 127/127 MP: 13/13
 16882 | Lair:4   | Reached skill level 15 in Shields
 17658 | Lair:5   | Received a gift from Okawaru
 17953 | Lair:5   | Got a crude cloak
 17964 | Lair:5   | Identified the +1 cloak of Lupp {+Blink} (You found it on level 5 of the Lair of Beasts)
 18465 | Lair:6   | Reached skill level 1 in Invocations
 19689 | Lair:6   | Reached skill level 15 in Long Blades
 19797 | Lair:7   | Noticed Kirke
 19809 | Lair:7   | Killed Kirke
 19850 | Lair:7   | Reached skill level 16 in Shields
 19930 | Lair:7   | Received a gift from Okawaru
 19959 | Lair:7   | Got a crude double sword {god gift}
 19960 | Lair:7   | Identified the +7 double sword "Itu Fon" {slice, +Inv rElec Str-3} (Okawaru gifted it to you on level 7 of the Lair of Beasts)
 19974 | Lair:7   | Noticed Snorg
 19995 | Lair:7   | Killed Snorg
 19995 | Lair:7   | HP: 5/130 [boulder beetle (16)]
 20934 | Lair:7   | Reached XP level 15. HP: 127/137 MP: 12/14
 21298 | Lair:8   | Entered Level 8 of the Lair of Beasts
 21390 | Lair:8   | Found a viscous altar of Jiyva.
 21390 | Lair:8   | Found a staircase to the Slime Pits.
 21829 | Lair:8   | Received a gift from Okawaru
 22391 | Lair:8   | Reached skill level 15 in Armour
 22966 | Lair:8   | Received a gift from Okawaru
 23572 | D:13     | Reached skill level 17 in Shields
 24243 | D:13     | Found a gate to the Vaults.
 24294 | D:13     | Received a gift from Okawaru
 24335 | D:13     | Got a crystal scimitar {god gift}
 24336 | D:13     | Identified the +11 scimitar of the Salmon {drain, Int+2 SInv} (Okawaru gifted it to you on level 13 of the Dungeon)
 24431 | D:14     | Found Zaarha's Weapon Shoppe.
 24444 | D:14     | Bought the +7 scimitar "Guvis" {slice, Str+3} for 977 gold pieces
 24808 | D:14     | Noticed Roxanne
 24814 | D:14     | Noticed Agnes
 25247 | D:14     | Found a shadowy altar of Dithmenos.
 25395 | D:14     | Killed Agnes
 25520 | D:14     | Killed Roxanne
 25883 | D:14     | Identified Roxanne's Collected Works on Shape Shifting (You took it off Roxanne on level 14 of the Dungeon)
 25953 | D:15     | Entered Level 15 of the Dungeon
 25953 | D:15     | Found a blossoming altar of Fedhas.
 25971 | D:15     | Reached skill level 15 in Fighting
 26006 | D:15     | Reached XP level 16. HP: 113/149 MP: 16/16
 26009 | D:15     | Received a gift from Okawaru
 26702 | D:15     | Gained mutation: You are dopey. (Int -2) [a shining eye]
 26924 | D:15     | Found a staircase to the Depths.
 27965 | Orc:1    | Entered Level 1 of the Orcish Mines
 27988 | D:11     | Received a gift from Okawaru
 28290 | Orc:1    | Noticed Gastronok
 28303 | Orc:1    | Killed Gastronok
 28492 | Orc:1    | Reached skill level 18 in Shields
 28927 | Orc:2    | Entered Level 2 of the Orcish Mines
 29127 | Orc:2    | Found a staircase to the Elven Halls.
 30080 | Orc:2    | Found Econa's Gadget Shoppe.
 30452 | Orc:2    | Found an ancient bone altar of Kikubaaqudgha.
 30453 | Orc:2    | Noticed Nergalle
 30463 | Orc:2    | Killed Nergalle
 30497 | Orc:2    | Noticed Erolcha
 30508 | Orc:2    | Killed Erolcha
 30511 | Orc:2    | Found a radiant altar of Vehumet.
 30593 | Orc:2    | Found a roughly hewn altar of Beogh.
 30593 | Orc:2    | Found Educofal's Distillery.
 30620 | Orc:2    | Found Qonte's Distillery.
 30627 | Orc:2    | Found Igumma Ikhla's Antique Armour Shoppe.
 31048 | Shoals:1 | Entered Level 1 of the Shoals
 31369 | Shoals:1 | Received a gift from Okawaru
 32180 | Shoals:2 | Noticed Frances
 32190 | Shoals:2 | Killed Frances
 32243 | Shoals:2 | Noticed Donald
 32265 | Shoals:2 | Killed Donald
 32269 | Shoals:2 | Got a warped shield
 32280 | Shoals:2 | Identified the +5 shield of the Elven Halls {MP+9} (You took it off Donald on level 2 of the Shoals)
 32873 | Shoals:3 | Reached XP level 17. HP: 116/158 MP: 17/17
 33121 | Shoals:3 | Reached skill level 19 in Shields
 33201 | Shoals:3 | Noticed a kraken
 33215 | Shoals:3 | Killed a kraken
 33618 | Shoals:4 | Entered Level 4 of the Shoals
 34189 | Shoals:4 | Received a gift from Okawaru
 34589 | Shoals:4 | Got a barnacled rune of Zot
 34605 | Shoals:4 | Noticed Louise
 34633 | Shoals:4 | Killed Louise
 34741 | Shoals:4 | Noticed a kraken
 34746 | Shoals:4 | Noticed Jorgrun
 34764 | Shoals:4 | Noticed a kraken
 34777 | Shoals:4 | Killed a kraken
 35516 | Shoals:4 | Killed a kraken
 35787 | Shoals:4 | Reached skill level 20 in Shields
 35819 | Shoals:4 | Killed Jorgrun
 35819 | Shoals:4 | Received a gift from Okawaru
 36333 | Shoals:4 | Noticed Ilsuiw
 37050 | Shoals:4 | Killed Ilsuiw
 37540 | Shoals:4 | Gained mutation: You are robust (+10% HP). [potion of beneficial mutation]
 37931 | Shoals:4 | Reached XP level 18. HP: 184/184 MP: 18/18
 38085 | Lair:1   | Lost mutation: You are dopey. (Int -2) [potion of cure mutation]
 38415 | Elf:1    | Entered Level 1 of the Elven Halls
 38596 | Elf:1    | Reached skill level 1 in Evocations
 38933 | Elf:1    | Identified the Collected Works on the Escort
 39803 | Elf:2    | Reached skill level 21 in Shields
 39834 | Elf:2    | Found a runed gate.
 39834 | Elf:2    | Found a runed gate.
 39836 | Elf:2    | Found a runed gate.
 39867 | Elf:2    | Received a gift from Okawaru
 39907 | Elf:2    | Found Nadd's Antique Armour Emporium.
 40219 | Elf:2    | Noticed Nikola
 40237 | Elf:2    | Killed Nikola
 41429 | Elf:3    | Entered Level 3 of the Elven Halls
 41548 | Elf:3    | Cast into level 3 of the Abyss (a deep elf sorcerer)
 41548 | Abyss:3  | Found a corrupted altar of Lugonu.
 41856 | Abyss:3  | Paralysed by accursed screaming for 1 turns
 42174 | Abyss:3  | Noticed a bone dragon
 42196 | Abyss:3  | Killed a bone dragon
 42196 | Abyss:3  | Received a gift from Okawaru
 42196 | Abyss:3  | Reached XP level 19. HP: 185/194 MP: 19/19
 42204 | Elf:3    | Escaped the Abyss
 42365 | Elf:3    | Got an encrusted plate armour
 42381 | Elf:3    | Identified the cursed +1 plate armour of Submission {-Tele rC+ MP+9} (You found it on level 3 of the Elven Halls)
 42398 | Elf:3    | Identified a +1 pair of boots of running (Okawaru gifted it to you on level 3 of the Abyss)
 43184 | Elf:3    | Found an ancient bone altar of Kikubaaqudgha.
 43481 | Elf:3    | Reached skill level 22 in Shields
 44293 | Elf:3    | Reached skill level 10 in Dodging
 44393 | Elf:3    | Received a gift from Okawaru
 44397 | Elf:3    | Got a fine demon blade {god gift}
 44398 | Elf:3    | Identified the +8 demon blade of the Rat {pain, rF+ rN++ Int+2 Stlth+} (Okawaru gifted it to you on level 3 of the Elven Halls)
 46110 | Snake:1  | Entered Level 1 of the Snake Pit
 46970 | Snake:2  | Received a gift from Okawaru
 46973 | Snake:2  | Got an ancient scimitar {god gift}
 46974 | Snake:2  | Identified the +1 scimitar of the Final Decision {drain, MR+ Int+2 Dex+2} (Okawaru gifted it to you on level 2 of the Snake Pit)
 47105 | Snake:2  | Reached XP level 20. HP: 202/207 MP: 20/20
 48855 | Snake:2  | Received a gift from Okawaru
 48855 | Snake:2  | Reached skill level 23 in Shields
 49225 | Snake:4  | Entered Level 4 of the Snake Pit
 49241 | Snake:4  | Received a gift from Okawaru
 50315 | Snake:4  | Noticed Vashnia
 50345 | Snake:4  | Killed Vashnia
 50543 | Snake:4  | Received a gift from Okawaru
 50671 | Snake:4  | Got a pair of brightly glowing gloves {god gift}
 50682 | Snake:4  | Identified the +0 pair of gloves "Jayt Ceu" {rN+ Slay+3 Stlth+} (Okawaru gifted it to you on level 4 of the Snake Pit)
 50744 | Snake:4  | Got a serpentine rune of Zot
 51965 | Slime:1  | Entered Level 1 of the Pits of Slime
 52506 | Orc:2    | Bought a potion of heal wounds for 80 gold pieces
 53066 | D:8      | Bought a potion of heal wounds for 60 gold pieces
 53066 | D:8      | Bought a potion of heal wounds for 60 gold pieces
 53848 | D:14     | Reached XP level 21. HP: 189/217 MP: 21/21
 53923 | Vaults:1 | Entered Level 1 of the Vaults
 53975 | Vaults:1 | Found a magical portal.
 53984 | WizLab   | Entered The Roulette of Golubria
 53986 | WizLab   | Found a corrupted altar of Lugonu.
 54260 | WizLab   | Found a corrupted altar of Lugonu.
 54805 | WizLab   | Reached skill level 24 in Shields
 54833 | WizLab   | Got an ancient cloak
 54943 | WizLab   | Identified the +2 cloak of Honour {*Drain rPois MR+++ Dex-4} (You found it in a wizard's laboratory)
 56387 | Vaults:2 | Noticed Frederick
 56402 | Vaults:2 | Killed Frederick
 56442 | Vaults:2 | Received a gift from Okawaru
 57742 | Vaults:3 | Received a gift from Okawaru
 57755 | Vaults:3 | Found a staircase to the Crypt.
 58040 | Vaults:3 | Reached skill level 25 in Shields
 58325 | Vaults:3 | Reached XP level 22. HP: 229/229 MP: 22/22
 58619 | Vaults:3 | Received a gift from Okawaru
 58663 | Vaults:3 | Got a transparent scimitar {god gift}
 58666 | Vaults:3 | Identified the +7 scimitar of the Poles {slice, Int+4} (Okawaru gifted it to you on level 3 of the Vaults)
 59094 | Vaults:3 | Found Simyhaorr's Jewellery Shop.
 59222 | Vaults:4 | Noticed Xtahua
 59232 | Vaults:4 | Killed Xtahua
 59364 | Vaults:4 | Found Jallecener's Jewellery Emporium.
 59533 | Vaults:4 | Received a gift from Okawaru
 59810 | Vaults:4 | Noticed Wiglaf
 59820 | Vaults:4 | Killed Wiglaf
 60127 | Vaults:4 | Found a roughly hewn altar of Beogh.
 60306 | Vaults:5 | Entered Level 5 of the Vaults
 60796 | Vaults:5 | Noticed a golden dragon
 60892 | Vaults:4 | Reached skill level 26 in Shields
 60987 | Vaults:4 | Received a gift from Okawaru
 61168 | Vaults:4 | Killed a golden dragon
 61168 | Vaults:4 | Reached XP level 23. HP: 205/238 MP: 18/24
 61524 | Vaults:5 | Noticed an ancient lich
 61558 | Vaults:5 | Killed an ancient lich
 61975 | Vaults:5 | Got a brightly glowing copper ring
 62213 | Vaults:5 | Received a gift from Okawaru
 62216 | Vaults:5 | Got a transparent hat {god gift}
 62235 | Vaults:4 | Identified the +0 hat of Truth {*Drain MR+++ Str-5 Dex+3} (Okawaru gifted it to you on level 5 of the Vaults)
 62272 | Vaults:4 | Identified the ring "Jet Kimu" {rCorr +Inv rPois rC+ rN++ Stlth-} (You took it off a vault warden on level 5 of the Vaults)
 62569 | Vaults:5 | HP: 9/242 [tentacled monstrosity (7)]
 62571 | Vaults:5 | Mangled by a vault warden

Skill      XL: |  1  2  3  4  5  6  7  8  9 10 11 12 13 14 15 16 17 18 19 20 21 22 23 |
---------------+----------------------------------------------------------------------+-----
Shields        | 4 5 6 7 9 10 12 13 14 16 17 18 20 21 22 23 25 26 | 26.9
Fighting       | 4 5 6 7 9 11 12 13 15 16 17 18 19 20 21 | 21.2
Armour         | 4 5 7 8 10 11 12 13 14 15 16 17 18 | 18.6
Dodging        | 1 2 3 4 6 7 8 9 10 11 | 11.2
Long Blades    | 3 4 5 6 8 10 11 12 13 15 16 17 18 20 21 22 23 24 25 | 25.2
Stealth        | 1 2 |  2.7
Invocations    | 1 2 3 |  3.2
Evocations     | 1 |  1.5

Action                   |  1- 3 |  4- 6 |  7- 9 | 10-12 | 13-15 | 16-18 | 19-21 | 22-24 || total
-------------------------+-------+-------+-------+-------+-------+-------+-------+-------++-------
Melee: Long sword        |    86 |   139 |   232 |       |       |       |       |       ||   457
       Headbutt          |    11 |    15 |    61 |   211 |   566 |   511 |   628 |   336 ||  2339
       Falchion          |       |       |    82 |   705 |  1480 |       |       |       ||  2267
       Scimitar          |       |       |       |   147 |   187 |  1594 |   649 |   127 ||  2704
       Double sword      |       |       |       |       |    14 |       |   302 |   831 ||  1147
       Demon blade       |       |       |       |       |       |       |   925 |       ||   925
Invok: Heroism           |       |       |       |     5 |     8 |     6 |    10 |    13 ||    42
       Finesse           |       |       |       |       |       |       |     1 |     4 ||     5
 Abil: Evoke Blink       |       |       |       |       |     2 |     1 |       |       ||     3
Evoke: Wand              |       |       |       |     2 |     2 |     7 |     9 |     4 ||    24
  Use: Scroll            |       |    13 |     5 |    10 |    12 |    17 |    22 |     6 ||    85
       Potion            |       |     1 |       |     2 |     2 |     7 |       |     1 ||    13
 Stab: Petrifying        |       |       |       |       |       |       |       |     2 ||     2
  Eat: Chunk             |     1 |     7 |     9 |    19 |    41 |    46 |    37 |    10 ||   170
       Beef jerky        |       |       |     1 |     1 |       |     1 |     3 |       ||     6
       Fruit             |       |       |       |     5 |     3 |       |    13 |     3 ||    24
       Pizza             |       |       |       |       |       |     1 |     1 |       ||     2
       Royal jelly       |       |       |       |       |       |     1 |       |     1 ||     2
Armor: Scale mail        |    49 |    67 |    88 |       |       |       |       |       ||   204
       Plate armour      |       |       |    43 |   413 |   527 |   448 |   430 |   345 ||  2206
Dodge: Dodged            |    29 |    43 |    93 |   301 |   563 |   507 |   424 |   313 ||  2273
Block: Shield            |    52 |    86 |   171 |   457 |       |  1254 |  2055 |   566 ||  4641
       Buckler           |       |       |       |    70 |   751 |   440 |     1 |       ||  1262
       Reflection        |       |       |       |       |     1 |   179 |   233 |   100 ||   513
       Large shield      |       |       |       |       |       |       |       |   766 ||   766
